 Dungeon Crawl Stone Soup version 0.31-a0-1-g4198be8af4 (webtiles) character file.

Game seed: 4202822183161436099

620 Ahpoh the Slasher (level 7, 0/37 HPs)
             Began as a Vine Stalker Fighter on May 1, 2023.
             Was a Follower of Uskayaw.
             Slain by Pikel
             ... wielding a +2 whip of electrocution
              (5 damage)
             ... on level 4 of the Dungeon.
             The game lasted 00:07:17 (3549 turns).

Ahpoh the Slasher (Vine Stalker Fighter)            Turns: 3549, Time: 00:07:18

Health: 0/37       AC: 12    Str: 18    XL:     7   Next: 46%
Magic:  0/8        EV:  7    Int:  8    God:    Uskayaw [*.....]
Gold:   123        SH:  5    Dex: 16    Spells: 6/6 levels left

rFire   . . .        a - +0 long sword
rCold   . . .        c - +0 buckler
rNeg    + . .        l - +2 chain mail {rN+}
rPois   .            (no helmet)
rElec   .            v - +0 cloak
rCorr   .            (no gloves)
SInv    .            (no boots)
Will    .....        k - amulet of magic regeneration Stlth
                     (no ring)
HPRegen 1.06/turn    (no ring)
MPRegen 0.51/turn

%: guardian spirit
@: mighty
A: fangs 2, regeneration 1, magic shield, antimagic bite, no potion heal 2
a: Renounce Religion, Stomp


You were on level 4 of the Dungeon.
You worshipped Uskayaw.
Uskayaw was noncommittal.
You visited 2 branches of the dungeon, and saw 5 of its levels.
You also visited: Sewer.

You collected 163 gold pieces.
You spent 40 gold pieces at shops.

Inventory:

Hand Weapons
 a - a +0 long sword (weapon)
Armour
 b - a +0 scale mail
 c - a +0 buckler (worn)
 l - a +2 chain mail of positive energy (worn)
 v - a +0 cloak (worn)
Jewellery
 h - a ring of wizardry
 i - a ring of wizardry
 k - an amulet of magic regeneration (around neck)
 q - a ring of see invisible
 s - a ring of protection from fire
Wands
 u - a wand of flame (20)
Scrolls
 e - 4 scrolls of noise
 f - a scroll of blinking {unknown}
 g - 5 scrolls of identify {unknown}
 j - a scroll of silence {unknown}
 m - 2 scrolls of amnesia
 n - a scroll of teleportation {unknown}
 o - 2 scrolls of poison {unknown}
 p - 2 scrolls of enchant weapon {unknown}
 r - a scroll of enchant armour {unknown}
Potions
 d - a potion of might
 t - a potion of lignification {unknown}
 w - a potion of curing {unknown}
 x - a potion of experience {unknown}
 A - a potion of brilliance {unknown}


   Skills:
 + Level 3.8 Fighting
 + Level 5.6 Long Blades
 + Level 3.5 Armour
 + Level 0.6 Dodging
 + Level 0.6 Stealth
 + Level 3.3 Shields


You had 6 spell levels left.
You didn't know any spells.
Your spell library contained the following spells:

 Spells                   Type           Power      Damage    Failure   Level
 Magic Dart               Conj           0%         1d3       99%         1
 Call Imp                 Summ           0%         N/A       100%        2
 Mephitic Cloud           Conj/Pois/Air  0%         N/A       100%        3


Dungeon Overview and Level Annotations

Branches:
Dungeon (4/15)             Temple (1/1) D:4           Sewer (visited)

Altars:
Ashenzari
Cheibriados
Dithmenos
Elyvilon
Fedhas
Gozag
Makhleb
Okawaru
Trog
Uskayaw
Xom
Yredelemnul
Zin

Shops:
D:2 !

Annotations:
D:4 Pikel


Innate Abilities, Weirdness & Mutations

You have extremely sharp teeth.
Your natural rate of healing is unusually fast.
When hurt, damage is shared between your health and your magic reserves.
Your bite disrupts and absorbs the magic of your enemies.
Potions cannot restore your health.


Message History

You can now pass through a line of other dancers.
You barely miss the adder.
The adder is almost dead.
The adder bites you but does no damage. You block Pikel's attack.
The adder bites you but does no damage.
You slash the adder!
You kill the adder!
Pikel hits you with a +2 whip of electrocution.
You don't know any spells.
Okay, then.
You hit Pikel. You bite Pikel, but do no damage.
Pikel is lightly wounded.
Pikel hits you with a +2 whip of electrocution!
Pikel barely misses you. The lemure hits you but does no damage.
Aiming: Line Pass
Press: ? - help, Dir - move target Pikel appears confused.
You can no longer pass through a line of other dancers.
You closely miss Pikel. You bite Pikel, but do no damage.
Pikel is lightly wounded.
Pikel seems less confused.
Pikel hits you with a +2 whip of electrocution.
The lemure hits you. The lemure hits you but does no damage.
You hit Pikel but do no damage. You bite Pikel. You drain his power.
You feel invigorated.
Pikel is lightly wounded.
Pikel hits you with a +2 whip of electrocution.
The lemure hits you. The lemure hits you but does no damage.
You hit Pikel but do no damage. You bite Pikel, but do no damage.
Pikel is lightly wounded.
Pikel hits you with a +2 whip of electrocution.
You are electrocuted!!
* * * LOW HITPOINT WARNING * * *
The lemure hits you.
* * * LOW HITPOINT WARNING * * *
The lemure hits you.
* * * LOW HITPOINT WARNING * * *
You feel very mighty all of a sudden.
Pikel hits you with a +2 whip of electrocution!
You die...

#...........#
#...........#
#...........#
#..........# #
#.........#.#
#.........#.##
#...5.......#
#..@K.......##
##..5........#
##...........#
#............#
##.............
#..............
##........#####
##.......#
##......#


You could see Pikel and 2 lemures.

Vanquished Creatures
  Sigmund (D:4)
  Pargi (Sewer)
  2 lemures (D:4)
  A phantom (D:4)
  A howler monkey (D:4)
  A hound (D:4)
  Crazy Yiuf (D:4)
  An iguana (D:4)
  Robin (D:2)
  A gnoll (D:3)
  3 adders
  2 river rats (D:4)
  A shadow imp (D:4)
  An ufetubus (D:4)
  A worm (D:2)
  5 dart slugs
  4 orcs
  A ball python (D:3)
  8 bats
  5 endoplasms
  4 giant cockroaches
  10 goblins
  7 hobgoblins
  3 jackals (D:2)
  3 quokkas
  A frilled lizard (D:1)
  5 kobolds
  7 rats
82 creatures vanquished.

Notes
Turn   | Place    | Note
-------+----------+-------------------------------------------
     0 | D:1      | Ahpoh the Vine Stalker Fighter began the quest for the Orb.
     0 | D:1      | Reached XP level 1. HP: 11/11 MP: 2/2
   268 | D:1      | Reached XP level 2. HP: 16/16 MP: 3/3
   623 | D:1      | Reached skill level 2 in Long Blades
  1014 | D:2      | Reached XP level 3. HP: 20/20 MP: 4/4
  1028 | D:2      | Noticed Robin
  1038 | D:2      | Killed Robin
  1183 | D:2      | Found Wasuis's Distillery.
  1191 | D:2      | Gained mutation: Your natural rate of healing is unusually
                  | fast. [Vine Stalker growth]
  1191 | D:2      | Reached XP level 4. HP: 24/24 MP: 5/5
  1195 | D:2      | Bought a potion of might for 40 gold pieces
  1364 | D:2      | Reached skill level 3 in Long Blades
  1832 | D:3      | Found a blossoming altar of Fedhas.
  2366 | D:3      | Found a bloodstained altar of Trog.
  2635 | D:4      | Noticed a phantom
  2649 | D:4      | Reached XP level 5. HP: 28/28 MP: 6/6
  2659 | D:4      | Killed a phantom
  2660 | D:4      | Reached skill level 4 in Long Blades
  2786 | D:4      | Reached XP level 6. HP: 32/32 MP: 7/7
  2809 | D:4      | Found a runed translucent door.
  2810 | D:4      | Noticed Crazy Yiuf
  2817 | D:4      | Killed Crazy Yiuf
  3070 | D:4      | Found a glowing drain.
  3074 | Sewer    | Entered a sewer
  3110 | Sewer    | Noticed Pargi
  3123 | Sewer    | Killed Pargi
  3236 | D:4      | Reached skill level 5 in Long Blades
  3246 | D:4      | Reached XP level 7. HP: 37/37 MP: 8/8
  3345 | D:4      | Found a staircase to the Ecumenical Temple.
  3345 | D:4      | Noticed Sigmund
  3352 | D:4      | Killed Sigmund
  3387 | Temple   | Entered the Ecumenical Temple
  3426 | Temple   | Became a worshipper of Uskayaw the Reveller
  3503 | D:4      | Reached * piety under Uskayaw
  3507 | D:4      | Reached ** piety under Uskayaw
  3514 | D:4      | Reached *** piety under Uskayaw
  3536 | D:4      | Noticed Pikel
  3549 | D:4      | Slain by Pikel

Illustrated notes

Levels and vault maps discovered:
D:1:      nicolae_arrival_somewhat_less_tricky_arrival, layout_basic,
          hangedman_decor_points, minivault_5, serial_bayou_pond_d,
          kennysheep_pointless_box
D:2:      layout_basic, serial_shops, shop, uniq_robin
D:3:      layout_basic, fedhas_altar_4, trog_antimagical, grunt_decor_resistance
D:4:      layout_cave_pods, minmay_temple_entry_hall, gup_sewer_entry_bowl,
          uniq_pikel, uniq_sigmund, uniq_crazy_yiuf_cottage
Temple:   nicolae_temple_god_jail

Skill      XL: |  1  2  3  4  5  6 |
---------------+-------------------+-----
Long Blades    | 2 3 4 5 |  5.6
Fighting       | 3 |  3.8
Armour         | 3 |  3.5
Shields        | 3 |  3.3
Dodging        | |  0.6
Stealth        | |  0.6

Action                     |  1- 3 |  4- 6 |  7- 9 || total
---------------------------+-------+-------+-------++-------
  Melee: Long sword        |    58 |   141 |    37 ||   236
         Bite              |    13 |    33 |    12 ||    58
 Invoke: Line Pass         |       |       |     1 ||     1
    Use: Scroll            |     2 |       |       ||     2
         Potion            |     1 |       |     2 ||     3
   Stab: Paralysed         |       |       |     1 ||     1
 Armour: Scale mail        |    10 |       |       ||    10
         Chain mail        |    15 |    82 |    19 ||   116
  Dodge: Dodged            |    19 |    75 |    15 ||   109
  Block: Buckler           |    13 |    32 |     9 ||    54

Table legend: (Time is in decaauts)
 A = Elapsed time spent in this place.
 B = Non-inter-level travel time spent in this place.
 C = Inter-level travel time spent in this place.
 D = Time resting spent in this place.
 E = Time spent auto-exploring this place.
 F = Levels seen in this place.
 G = Mean time per level.
                   A        B        C        D        E       F      G
               +--------+--------+--------+--------+--------+-----+--------+
         Total |   3622 |   3566 |     56 |     62 |   2603 |   6 |  603.7 |
       Dungeon |   3463 |   3407 |     56 |     62 |   2567 |   4 |  865.8 |
        Temple |     52 |     52 |      0 |      0 |     24 |   1 |   52.0 |
         Sewer |    106 |    106 |      0 |      0 |     12 |   1 |  106.0 |
               +--------+--------+--------+--------+--------+-----+--------+

Top non-repeatable levels by time:
     D:3: 914 daAuts
     D:1: 878 daAuts
     D:2: 873 daAuts
     D:4: 796 daAuts
   Sewer: 106 daAuts
  Temple: 52 daAuts
